 Dungeon Crawl Stone Soup version 0.31.0-9-g3a7656b989 (webtiles) character file.

Game seed: 765192733190162094

5 qw the Shooter (level 1, 0/12 HPs)
             Began as a Deep Elf Hunter on Feb 2, 2024.
             Succumbed to a kobold's poison
             ... on level 1 of the Dungeon.
             The game lasted 00:00:00 (217 turns).

qw the Shooter (Deep Elf Hunter)                     Turns: 217, Time: 00:00:00

Health: 0/12       AC:  3    Str:  8    XL:     1   Next: 66%
Magic:  3/3        EV: 12    Int: 13    God:
Gold:   26         SH:  0    Dex: 18    Spells: 0/0 levels left

rFire   . . .        a - +0 shortbow
rCold   . . .        (shield currently unavailable)
rNeg    . . .        c - +0 leather armour
rPois   .            (no helmet)
rElec   .            (no cloak)
rCorr   .            (no gloves)
SInv    .            (no boots)
Will    .....        (no amulet)
Stlth   ++           (no ring)
HPRegen 0.22/turn    (no ring)
MPRegen 0.08/turn

%: no passive effects
@: lethally poisoned (0 -> -6)
A: no striking features
a: no special abilities


You were on level 1 of the Dungeon.
You visited 1 branch of the dungeon, and saw 1 of its levels.

You collected 26 gold pieces.


   Skills:
 - Level 1.5 Fighting
 + Level 5.7 Ranged Weapons
 - Level 2.4 Dodging
 - Level 1.2 Stealth


You couldn't memorise any spells.
You didn't know any spells.
Your spell library was empty.

Inventory:

Hand Weapons
 a - a +0 shortbow (weapon)
Armour
 c - a +0 leather armour (worn)
Jewellery
 d - a +5 ring of evasion
Scrolls
 b - a scroll of butterflies

Dungeon Overview and Level Annotations

Branches:
Dungeon (1/15)

Altars:


Message History

An endoplasm comes into view.
You shoot an arrow. The arrow closely misses the rat.
The rat bites you but does no damage.
A kobold comes into view.
It is wielding a +2 short sword of venom.
You shoot an arrow.
The arrow hits the rat but does no damage.
The rat bites you.
You shoot an arrow. The arrow closely misses the rat.
The rat barely misses you.
The dart slug briefly extends its eye-stalks.
You shoot an arrow. The arrow barely misses the rat.
The rat bites you.
The dart slug bites you but does no damage.
You shoot an arrow. The arrow hits the rat.
You kill the rat!
The dart slug launches a dart at you. The slug dart misses you.
The endoplasm barely misses you.
You shoot an arrow. The arrow barely misses the endoplasm.
The endoplasm hits you but does no damage.
The dart slug launches a dart at you. The slug dart misses you.
You shoot an arrow. The arrow hits the endoplasm!
You kill the endoplasm!
You shoot an arrow.
The arrow hits the kobold but does no damage.
The dart slug launches a dart at you. The slug dart misses you.
The kobold hits you with a +2 short sword of venom.
You are lethally poisoned!
You shoot an arrow. The arrow hits the kobold!
You kill the kobold!
You feel very sick. The dart slug launches a dart at you.
The slug dart misses you.
You shoot an arrow. The arrow hits the dart slug.
The dart slug is heavily wounded.
You feel sick. The dart slug barely misses you.
You shoot an arrow. The arrow hits the dart slug.
The dart slug is almost dead.
You die...

.#####.
.......
.......
.......
.......
.......
####)......
#..@w#
#.##########
#..........#
#####....#.#
#.##.#.#
#.##.#.#
#.##.#%#######
#.:..........#
####.#.......#


You could see a dart slug.

Vanquished Creatures
  An endoplasm (D:1)
  A ball python (D:1)
  2 bats (D:1)
  A frilled lizard (D:1)
  A kobold (D:1)
  A rat (D:1)
7 creatures vanquished.

Notes
Turn   | Place    | Note
-------+----------+-------------------------------------------
     0 | D:1      | qw the Deep Elf Hunter began the quest for the Orb.
     0 | D:1      | Reached XP level 1. HP: 12/12 MP: 3/3
     0 | D:1      | 0 ||| qw: Version: 0.3-a-155-g5e7d8dd
     0 | D:1      | 0 ||| qw: Game counter: 2285
     0 | D:1      | 0 ||| qw: Melee chars always use a shield: true
     0 | D:1      | 0 ||| qw: God list: Okawaru
     0 | D:1      | 0 ||| qw: Allow faded altars: false
     0 | D:1      | 0 ||| qw: Do Orc after clearing Dungeon:15 true
     0 | D:1      | 0 ||| qw: Do second Lair branch before Depths: true
     0 | D:1      | 0 ||| qw: Lair rune preference: random
     0 | D:1      | 0 ||| qw: Goals: Normal
     0 | D:1      | 0 ||| PLANNING D:1-11
   215 | D:1      | HP: 3/12 [poisoned by a kobold]
   216 | D:1      | HP: 1/12 [poisoned by a kobold]
   217 | D:1      | Succumbed to a kobold's poison

Levels and vault maps discovered:
D:1:      orjb1_lava_funnel, layout_basic, chequers_serial_rivers_small_a,
          chequers_serial_rivers_large_a

Action                     || total
---------------------------++-------
   Fire: Shortbow          ||    22
 Armour: Leather armour    ||     7
  Dodge: Dodged            ||    11

Table legend:
 A = Non-vault XP
 B = Vault XP
 C = Vault XP percentage of total XP
 D = Non-vault monster count
 E = Vault monster count
 F = Vault count percentage of total count
                 A         B        C        D         E       F
            +---------+---------+-------+---------+---------+-------
      Total |       8 |       0 |   0.0 |       7 |       0 |   0.0
            +---------+---------+-------+---------+---------+-------
        D:1 |       8 |       0 |   0.0 |       7 |       0 |   0.0
            +---------+---------+-------+---------+---------+-------
